 Dungeon Sprint DCSS version 0.24-a0-251-g44e327e (webtiles) character file.

Game seed: 2047349881650879634

175760 HallandMoats the Slayer (level 17, -4/171 HPs)
             Began as a Demonspawn Fighter on Apr 16, 2019.
             Was the Champion of Makhleb.
             Killed from afar by a fire giant (11 damage)
             ... with a bolt of fire
             ... in the Dungeon (Sprint V: "Ziggurat Sprint").
             The game lasted 00:17:01 (2384 turns).

HallandMoats the Slayer (Demonspawn Fighter)        Turns: 2384, Time: 00:17:02

Health: -4/171     AC: 33    Str: 30    XL:     17   Next: 48%
Magic:  0/31       EV: 19    Int: 11    God:    Makhleb [******]
Gold:   0          SH: 13    Dex: 17    Spells: 34/36 levels left

rFire    + + .     SeeInvis +   C - +14 obsidian axe {chop, +Fly SInv *Curse}
rCold    + + +     Gourm    .   M - +3 warlock's mirror {reflect}
rNeg     . . .     Faith    .   a - +5 gold dragon scales
rPois    +         Spirit   +   P - +0 mask of the Dragon {MR+ Slay+3 SInv}
rElec    .         Reflect  +   c - +1 cloak {rPois}
rCorr    .         Harm     .   (gloves unavailable)
MR       ++...     NoTele   +   (no boots)
Stlth    ..........             H - amulet of Cheibriados's Approval {Fragile rC+++ Regen+ Dex+4}
HPRegen  0.78/turn              G - ring "Pusa" {rF+ Str+5 Slay+3 Stlth+}
MPRegen  0.22/turn              w - ring of Generosity {-Tele Str+3 Slay+4 Stlth+}

@: singing, mesmerised, hasted, studying 4 skills, very quick
A: claws 3, yellow scales 2, cold resistance 1, magic shield, freezing cloud
immunity
a: Minor Destruction, Lesser Servant of Makhleb, Major Destruction, Greater
Servant of Makhleb, Renounce Religion, Evoke Flight


You were in the Dungeon.
You worshipped Makhleb.
Makhleb was exalted by your worship.
You were not hungry.

You visited 1 branch

Inventory:

Hand Weapons
 C - the +14 obsidian axe (weapon) {chop, +Fly SInv *Curse}
   (You found it in the Dungeon)

   It inflicts extra damage upon your enemies.
   It lets you see invisible.
   It lets you fly.
   It curses itself when equipped.
Armour
 a - +5 gold dragon scales (worn)
 c - a +1 cloak of poison resistance (worn)
 D - the +18 shield of the Gong {rElec rN+ MR+ EV-5}
   (You found it in the Dungeon)

   It affects your evasion (-5).
   It insulates you from electricity.
   It protects you from negative energy.
   It affects your resistance to hostile enchantments.
 L - the +2 shield of Resistance {rF+ rC+ MR+}
   (You found it in the Dungeon)

   It protects you from fire.
   It protects you from cold.
   It affects your resistance to hostile enchantments.
 M - the +3 warlock's mirror (worn) {reflect}
   (You found it in the Dungeon)
 P - the +0 mask of the Dragon (worn) {MR+ Slay+3 SInv}
   (You found it in the Dungeon)

   It affects your accuracy and damage with ranged weapons and melee attacks
   (+3).
   It affects your resistance to hostile enchantments.
   It lets you see invisible.
Jewellery
 w - the ring of Generosity (right claw) {-Tele Str+3 Slay+4 Stlth+}
   (You found it in the Dungeon)

   [ring of stealth]

   It affects your strength (+3).
   It affects your accuracy and damage with ranged weapons and melee attacks
   (+4).
   It prevents most forms of teleportation.
   It makes you more stealthy.
 x - the ring "Itar" {rElec MP-9 EV+3 Str+2}
   (You found it in the Dungeon)

   [ring of evasion]

   It affects your evasion (+3).
   It affects your strength (+2).
   It insulates you from electricity.
   It affects your magic capacity (-9).
 A - the ring "Neiru" {rF+ rN++ Int-4 Slay+2 SInv}
   (You found it in the Dungeon)

   [ring of protection from fire]

   It affects your intelligence (-4).
   It affects your accuracy and damage with ranged weapons and melee attacks
   (+2).
   It protects you from fire.
   It greatly protects you from negative energy.
   It lets you see invisible.
 G - the ring "Pusa" (left claw) {rF+ Str+5 Slay+3 Stlth+}
   (You found it in the Dungeon)

   [ring of stealth]

   It affects your strength (+5).
   It affects your accuracy and damage with ranged weapons and melee attacks
   (+3).
   It protects you from fire.
   It makes you more stealthy.
 H - the amulet of Cheibriados's Approval (around neck) {Fragile rC+++ Regen+ Dex+4}
   (You found it in the Dungeon)

   [amulet of regeneration]

   It affects your dexterity (+4).
   It renders you almost immune to cold.
   It increases your rate of regeneration.
   It will be destroyed if unequipped.
 I - the amulet "Seih" {Gourm rElec rF+}
   (You found it in the Dungeon)

   [amulet of the gourmand]

   It allows you to eat raw meat even when not hungry.
   It protects you from fire.
   It insulates you from electricity.
 K - the ring "Uvvunix" {rF+ rN+ MR+ MP+9 Str+2}
   (You found it in the Dungeon)

   [ring of magical power]

   It affects your strength (+2).
   It protects you from fire.
   It protects you from negative energy.
   It affects your resistance to hostile enchantments.
   It affects your magic capacity (+9).
 N - the amulet of the Four Winds {rN+ MR+++ Clar}
   (You found it in the Dungeon)

   [amulet of nothing]

   It protects you from negative energy.
   It affects your resistance to hostile enchantments.
   It protects you against confusion.
Wands
 t - a wand of disintegration (7)
 u - a wand of iceblast (7)
 v - a wand of acid (7)
Scrolls
 k - 4 scrolls of blinking
 o - 4 scrolls of amnesia
 p - 8 scrolls of fog
 q - 5 scrolls of identify
 r - 4 scrolls of remove curse
 s - 2 scrolls of fear
 E - 6 scrolls of brand weapon
 F - 4 scrolls of enchant weapon
Potions
 b - 2 potions of brilliance
 d - 4 potions of might
 e - 9 potions of curing
 g - 21 potions of heal wounds
 h - 12 potions of haste
 i - 6 potions of magic
 l - 4 potions of resistance
 n - a potion of agility
Books
 y - a manual of Crossbows
 z - a manual of Stealth
 B - a manual of
Armour
 J - a manual of Slings
Miscellaneous
 m - 8 phantom mirrors
Comestibles
 f - 8 rations
 j - 4 chunks of flesh


   Skills:
 - Level 25.7 Fighting
 - Level 22.9 Axes
 - Level 20.1 Armour
 - Level 20.7 Dodging
 - Level 22.2 Shields
 + Level 10.3 Spellcasting
 * Level 13.9 Charms
 - Level 11.4 Invocations


You had 34 spell levels left.
You knew the following spells:

 Your Spells              Type           Power        Failure   Level  Hunger
a - Song of Slaying       Chrm           #####...     1%          2    None

Your spell library contained the following spells:

 Spells                   Type           Power        Failure   Level  Hunger
 Infusion                 Chrm           ####         1%          1    None
 Shroud of Golubria       Chrm/Tloc      ###.......   11%         2    None
 Swiftness                Chrm/Air       ###.....     11%         2    None
 Ozocubu's Armour         Chrm/Ice       ###.....     22%         3    ##.....
 Regeneration             Chrm/Necr      ###.......   22%         3    ##.....
 Spectral Weapon          Hex/Chrm       ###.....     22%         3    ##.....
 Apportation              Tloc           #.....       77%         1    None
 Beastly Appendage        Tmut           #.....       77%         1    None
 Confusing Touch          Hex            #.....       77%         1    None
 Corona                   Hex            #......      77%         1    None
 Magic Dart               Conj           #...         77%         1    None
 Sandblast                Erth           #.....       77%         1    None
 Sting                    Conj/Pois      #...         77%         1    None
 Summon Butterflies       Summ           #.......     77%         1    None
 Blink                    Tloc           N/A          88%         2    None
 Call Imp                 Summ           #.......     88%         2    None
 Corpse Rot               Necr           N/A          88%         2    None
 Ensorcelled Hibernation  Hex/Ice        #.....       88%         2    None
 Passwall                 Tmut/Erth      #.......     88%         2    None
 Poisonous Vapours        Pois/Air       #.....       88%         2    None
 Slow                     Hex            #.......     88%         2    None
 Sticks to Snakes         Tmut           #.......     88%         2    None
 Sublimation of Blood     Necr           #.........   88%         2    None
 Throw Flame              Conj/Fire      #.....       88%         2    None
 Excruciating Wounds      Chrm/Necr      ###.......   89%         5    #####..
 Iskenderun's Battlesphe  Conj/Chrm      ###.....     89%         5    #####..
 Call Canine Familiar     Summ           #.......     98%         3    ##.....
 Confuse                  Hex            #.......     98%         3    ##.....
 Conjure Flame            Conj/Fire      #.......     98%         3    ##.....
 Dazzling Spray           Conj/Hex       #.....       98%         3    ##.....
 Gell's Gravitas          Tloc           #.........   98%         3    ##.....
 Ignite Poison            Fire/Tmut/Pois #.......     98%         3    ##.....
 Inner Flame              Hex/Fire       #.......     98%         3    ##.....
 Lesser Beckoning         Tloc           #.........   98%         3    ##.....
 Mephitic Cloud           Conj/Pois/Air  #.......     98%         3    ##.....
 Portal Projectile        Hex/Tloc       #.....       98%         3    ##.....
 Recall                   Summ/Tloc      N/A          98%         3    ##.....
 Spider Form              Tmut/Pois      #.........   98%         3    ##.....
 Stone Arrow              Conj/Erth      #.....       98%         3    ##.....
 Summon Guardian Golem    Hex/Summ       #.......     98%         3    ##.....
 Teleport Other           Tloc           #.......     98%         3    ##.....
 Tukima's Dance           Hex            #.......     98%         3    ##.....
 Airstrike                Air            #.........   100%        4    ####...
 Force Lance              Conj/Tloc      #.......     100%        4    ####...
 Ice Form                 Ice/Tmut       #.......     100%        4    ####...
 Leda's Liquefaction      Hex/Erth       #.........   100%        4    ####...
 Olgreb's Toxic Radiance  Pois           #.......     100%        4    ####...
 Petrify                  Tmut/Erth      #.......     100%        4    ####...
 Summon Ice Beast         Ice/Summ       #.......     100%        4    ####...
 Summon Lightning Spire   Summ/Air       #.......     100%        4    ####...
 Agony                    Necr           #.......     100%        5    #####..
 Alistair's Intoxication  Tmut/Pois      #.......     100%        5    #####..
 Aura of Abjuration       Summ           #.........   100%        5    #####..
 Blade Hands              Tmut           #.........   100%        5    #####..
 Bolt of Draining         Conj/Necr      #.........   100%        5    #####..
 Bolt of Magma            Conj/Fire/Erth #.........   100%        5    #####..
 Borgnjor's Vile Clutch   Necr/Erth      #.........   100%        5    #####..
 Dispel Undead            Necr           #.......     100%        5    #####..
 Irradiate                Conj/Tmut      #.........   100%        5    #####..
 Lee's Rapid Deconstruct  Erth           #.........   100%        5    #####..
 Metabolic Englaciation   Hex/Ice        #.........   100%        5    #####..
 Silence                  Hex/Air        #.........   100%        5    #####..
 Summon Demon             Summ           #.........   100%        5    #####..
 Summon Forest            Summ/Tloc      #.........   100%        5    #####..
 Summon Mana Viper        Hex/Summ       #.......     100%        5    #####..
 Venom Bolt               Conj/Pois      #.........   100%        5    #####..
 Yara's Violent Unravell  Hex/Tmut       #.........   100%        5    #####..
 Bolt of Cold             Conj/Ice       #.........   100%        6    #######
 Conjure Ball Lightning   Conj/Air       #.........   100%        6    #######
 Darkness                 Hex            #.........   100%        6    #######
 Death Channel            Necr           #.........   100%        6    #######
 Deflect Missiles         Chrm/Air       ###.......   100%        6    #######
 Dispersal                Tloc           #.........   100%        6    #######
 Freezing Cloud           Conj/Ice/Air   #.........   100%        6    #######
 Hydra Form               Tmut           #.........   100%        6    #######
 Invisibility             Hex            #.......     100%        6    #######
 Iron Shot                Conj/Erth      #.........   100%        6    #######
 Poison Arrow             Conj/Pois      #.........   100%        6    #######
 Shadow Creatures         Summ           N/A          100%        6    #######
 Simulacrum               Ice/Necr       #.........   100%        6    #######
 Statue Form              Tmut/Erth      #........    100%        6    #######
 Dragon Form              Tmut           #.........   100%        7    #######
 Malign Gateway           Summ/Tloc      #.........   100%        7    #######
 Orb of Destruction       Conj           #.........   100%        7    #######
 Spellforged Servitor     Conj/Summ      #.........   100%        7    #######
 Summon Hydra             Summ           #.........   100%        7    #######
 Chain Lightning          Conj/Air       #.........   100%        8    #######
 Controlled Blink         Tloc           N/A          100%        8    #######
 Disjunction              Tloc           #.........   100%        8    #######
 Lehudib's Crystal Spear  Conj/Erth      #.........   100%        8    #######
 Dragon's Call            Summ           #.........   100%        9    #######
 Fire Storm               Conj/Fire      #.........   100%        9    #######
 Glaciate                 Conj/Ice       #.........   100%        9    #######
 Shatter                  Erth           #.........   100%        9    #######


Dungeon Overview and Level Annotations

Branches:
Dungeon (1/1)

Altars:
Ashenzari
Cheibriados
Dithmenos
Elyvilon
Fedhas
Gozag
Hepliaklqana
Kikubaaqudgha
Makhleb
Nemelex Xobeh
Okawaru
Qazlal
Ru
Sif Muna
Trog
Uskayaw
Vehumet
Wu Jian
Xom
Yredelemnul
Zin
The Shining One
Beogh
Jiyva
Lugonu


Innate Abilities, Weirdness & Mutations

You have claws for hands.
You are mostly covered in yellow scales. (AC +3)
Your flesh is cold resistant. (rC+)
When hurt, damage is shared between your health and your magic reserves.
You are immune to freezing clouds.


Message History

Your soul eater disappears in a puff of smoke!
Your sixfirhy hits the fire giant!
Your sixfirhy shocks the fire giant!
Your sixfirhy hits the fire giant!
Your sixfirhy shocks the fire giant!
The hell hog is engulfed in blazing flames.
The balrug gestures at you. Something smites you!
* * * LOW HITPOINT WARNING * * *
The balrug gestures at you.
The bolt of fire hits the fire elemental.
The fire elemental completely resists.
The bolt of fire misses the orb of fire.
Your +3 warlock's mirror {reflect} reflects the bolt of fire!
The bolt of fire hits the orb of fire.
The orb of fire completely resists.
The bolt of fire hits the fire elemental.
The fire elemental completely resists.
The bolt of fire hits the balrug.
The balrug completely resists.
The fire giant points at you and mumbles some strange words.
The bolt of fire misses the orb of fire.
The bolt of fire hits you! You resist.
You die...

......▓ ▓▓▓▓▓▓▓
})."?))"}|[=)|:
......▓
=|)}::)○°.○)|:[
.[|)).▓
..○)Cv2CED☼}):)
||.|..▓
..°R22RDCR.....
)=[}[.▓
..°DChh2RDh2°..
......▓
...°2C2hRC*°...
......▓
...○○E*h)Ch°...
......▓
....hC*@†RD....
......▓
..v..E4.C3.....
......▓
.....§§33§.....
......▓
.......§.§.....
......▓
...............
......▓
...............
.▓....▓
..▓.........▓v.
▓▓▓...▓
.▓▓▓...†...▓▓▓.
.▓....▓
..▓...†.....▓..


You could see 3 orbs of fire, 9 fire giants, 5 fire dragons, 7 balrugs, 4 hell
hogs, 6 efreet, 3 fire elementals, 3 fire vortices, 3 hell hounds, a friendly
sun demon, a friendly ice devil, a friendly sixfirhy and a friendly smoke demon.

Vanquished Creatures
  5 ancient liches (D)
  2 golden dragons (D)
  A bone dragon (D)
  3 liches (D)
  A titan (D)
  3 quicksilver dragons (D)
  2 tentacled starspawn (D)
  6 shadow dragons (D)
  A draconian monk (D)
  2 thorn hunters (D)
  A daeva (D)
  A draconian knight (D)
  An iron dragon (D)
  9 ghost moths (D)
  A draconian scorcher (D)
  An emperor scorpion (D)
  2 draconian stormcallers (D)
  3 orc warlords (D)
  2 draconian shifters (D)
  An ironheart preserver (D)
  2 stone giants (D)
  A green draconian (D)
  An entropy weaver (D)
  5 yellow draconians (D)
  2 black draconians (D)
  2 red draconians (D)
  A purple draconian (D)
  2 white draconians (D)
  5 fire dragons (D)
  15 vault guards (D)
  A naga warrior (D)
  4 hydras (D)
  5 spriggan air magi (D)
  A shambling mangrove (D)
  3 hell hogs (D)
  2 thrashing horrors (D)
  An orc high priest (D)
  3 spriggan berserkers (D)
  2 vampire magi (D)
  A wretched star (D)
  2 sun demons (D)
  2 skeletal warriors (D)
  5 swamp dragons (D)
  5 orc knights (D)
  2 necromancers (D)
  3 wolf spiders (D)
  3 orc sorcerers (D)
  2 moths of wrath (D)
  A guardian serpent (D)
  2 naga magi (D)
  3 toenail golems (D)
  3 black mambas (D)
  3 large abominations (D)
  A spiny frog (D)
  A tormentor (D)
  An efreet (D)
  A rime drake (D)
  5 demonic crawlers (D)
  4 yaktaurs (D)
  2 ice devils (D)
  3 trolls (D)
  An ancient zyme (D)
  3 jumping spiders (D)
  9 hornets (D)
  2 raiju (D)
  A flying skull (D)
  7 redbacks (D)
  An air elemental (D)
  3 shadows (D)
  A spriggan (D)
  5 tarantellas (D)
  2 ynoxinuls (D)
  3 wyverns (D)
  A wraith (D)
  A golden eye (D)
  A basilisk (D)
  A neqoxec (D)
  A chaos spawn (D)
  7 steam dragons (D)
  2 nagas (D)
  A warg (D)
  An insubstantial wisp (D)
  4 acid dragons (D)
  3 water moccasins (D)
  4 hell hounds (D)
  8 orc warriors (D)
  2 ice beasts (D)
  2 ogres (D)
  2 necrophages (D)
  2 small abominations (D)
  A centaur (D)
  A crocodile (D)
  2 bullfrogs (D)
  5 earth elementals (D)
  6 wights (D)
  3 orc priests (D)
  5 quasits (D)
  An orc wizard (D)
  2 adders (D)
  A shadow imp (D)
  2 ufetubi (D)
  3 adder zombies (D)
  4 adder skeletons (D)
  2 ball pythons (D)
  2 bat skeletons (D)
  A bat zombie (D)
  2 giant cockroach zombies (D)
  A leopard gecko skeleton (D)
  A leopard gecko zombie (D)
  A quokka zombie (D)
  2 starspawn tentacles (D)
290 creatures vanquished.

Vanquished Creatures (collateral kills)
  A pandemonium lord (D)
  A quicksilver dragon (D)
  A shadow dragon (D)
  An orc warlord (D)
  A draconian stormcaller (D)
  A stone giant (D)
  A green draconian (D)
  A purple draconian (D)
  A yellow draconian (D)
  A fire dragon (D)
  A yaktaur captain (D)
  4 vault guards (D)
  A spriggan air mage (D)
  A shambling mangrove (D)
  A skeletal warrior (D)
  A swamp dragon (D)
  A spriggan druid (D)
  2 necromancers (D)
  An orb spider (D)
  An elephant (D)
  An orange demon (D)
  A demonic crawler (D)
  A dryad (D)
  2 freezing wraiths (D)
  2 yaktaurs (D)
  4 merfolk (D)
  5 jumping spiders (D)
  A wind drake (D)
  3 hornets (D)
  2 blink frogs (D)
  A hippogriff (D)
  2 air elementals (D)
  A shadow (D)
  A tarantella (D)
  A yak (D)
  A chaos spawn (D)
  2 acid dragons (D)
  2 water moccasins (D)
  An orc warrior (D)
  A centaur (D)
  A bullfrog (D)
  An earth elemental (D)
  2 scorpions (D)
  A wight (D)
  2 quasits (D)
  An iron imp (D)
  An adder skeleton (D)
  2 bat skeletons (D)
  2 bat zombies (D)
  A ball python skeleton (D)
  A jackal skeleton (D)
  A butterfly (D)
  A starspawn tentacle (D)
76 creatures vanquished.

Vanquished Creatures (others)
  An ancient lich (D)
  A draconian annihilator (D)
  A yaktaur (D)
  A steam dragon (D)
  4 insubstantial wisps (D)
  A swamp drake (D)
  5 briar patches (D)
  A fire vortex (D)
  4 starspawn tentacles (D)
19 creatures vanquished.

Grand Total: 385 creatures vanquished

Notes
Turn   | Place    | Note
-------+----------+-------------------------------------------
     0 | D        | Found the +6 Majin-Bo {vamp, Archmagi MP+6 Int+6}
     0 | D        | Found the +7 great mace "Firestarter" {inner flame, rF++}
     0 | D        | HallandMoats the Demonspawn Fighter began the quest for the
                  | Orb.
     0 | D        | Reached XP level 1. HP: 18/18 MP: 1/1
    16 | D        | Found a blossoming altar of Fedhas.
    19 | D        | Found a deep blue altar of Sif Muna.
    19 | D        | Found a sacrificial altar of Ru.
    19 | D        | Found a bloodstained altar of Trog.
    19 | D        | Found a stormy altar of Qazlal.
    19 | D        | Found an iron altar of Okawaru.
    19 | D        | Found a sparkling altar of Nemelex Xobeh.
    21 | D        | Found a transporter.
    21 | D        | Found an ancient bone altar of Kikubaaqudgha.
    21 | D        | Found a viscous altar of Jiyva.
    21 | D        | Found a corrupted altar of Lugonu.
    21 | D        | Found a hazy altar of Hepliaklqana.
    21 | D        | Found a burning altar of Makhleb.
    21 | D        | Found an opulent altar of Gozag.
    37 | D        | Found the +9 heavy crossbow "Sniper" {velocity, Acc+∞ SInv}
    37 | D        | Found the +10 dark maul {crush}
    37 | D        | Found the +15 Maxwell's patent armour {-Cast -Tele rElec
                  | MR+ rCorr}
    37 | D        | Found the +18 shield of the Gong {rElec rN+ MR+ EV-5}
    37 | D        | Found the cursed +14 obsidian axe {chop, +Fly SInv *Curse}
    39 | D        | Found the +6 shillelagh "Devastator" {shatter}
    39 | D        | Found the +11 plutonium sword {*Contam Stlth-}
    39 | D        | Found the +8 lance "Wyrmbane" {slay drac, rPois rF+ rC+
                  | AC+3}
    39 | D        | Found the +9 sword of Zonguldrok {reap}
    39 | D        | Found the cursed +13 scythe of Curses {drain, *Curse}
    39 | D        | Found the +0 sword of Power
    39 | D        | Found the +7 mace of Variability {chain chaos}
    39 | D        | Found the +7 Singing Sword {slice, sonic wave}
    39 | D        | Found the +7 longbow "Piercer" {penet, EV-2}
    41 | D        | Became a worshipper of Makhleb the Destroyer
    65 | D        | Reached skill level 4 in Fighting
    65 | D        | Reached skill level 1 in Dodging
    65 | D        | Gained mutation: Your flesh is cold resistant. (rC+)
                  | [demonic ancestry]
    65 | D        | Reached XP level 2. HP: 26/26 MP: 2/2
    67 | D        | Entered arena 2.
    67 | D        | Noticed a hornet
    67 | D        | Noticed an ironheart preserver
    67 | D        | Found a transporter.
    75 | D        | Killed a hornet
    75 | D        | Reached skill level 6 in Fighting
    75 | D        | Reached skill level 5 in Axes
    75 | D        | Reached skill level 5 in Armour
    75 | D        | Reached skill level 5 in Shields
    75 | D        | Reached XP level 3. HP: 24/35 MP: 3/3
    75 | D        | Gained mutation: You have sharp fingernails. [demonic
                  | ancestry]
    75 | D        | Reached XP level 4. HP: 28/41 MP: 4/4
    75 | D        | Reached XP level 5. HP: 32/47 MP: 5/5
    79 | D        | Killed an ironheart preserver
    79 | D        | Reached * piety under Makhleb
    79 | D        | Reached skill level 9 in Fighting
    79 | D        | Reached skill level 5 in Dodging
    79 | D        | Reached XP level 6. HP: 31/58 MP: 6/6
    79 | D        | Reached XP level 7. HP: 34/64 MP: 7/7
    79 | D        | Gained mutation: You are partially covered in yellow
                  | scales. (AC +2) [demonic ancestry]
    79 | D        | Reached XP level 8. HP: 38/71 MP: 8/8
   211 | D        | Entered arena 3.
   211 | D        | Found a transporter.
   220 | D        | Entered arena 4.
   220 | D        | Noticed a yaktaur
   220 | D        | Noticed a yaktaur
   220 | D        | Found a transporter.
   221 | D        | Identified the +9 long sword of the Ass {venom, -Tele rF+
                  | rC+}
   223 | D        | Reached ** piety under Makhleb
   226 | D        | Killed a yaktaur
   226 | D        | Killed a yaktaur
   230 | D        | Entered arena 5.
   230 | D        | Noticed a merfolk
   230 | D        | Noticed a merfolk
   230 | D        | Noticed a merfolk
   230 | D        | Noticed a merfolk
   230 | D        | Found a transporter.
   234 | D        | Killed a merfolk
   234 | D        | Reached *** piety under Makhleb
   234 | D        | Reached skill level 10 in Fighting
   234 | D        | Reached XP level 9. HP: 64/78 MP: 9/9
   237 | D        | Killed a merfolk
   237 | D        | Killed a merfolk
   241 | D        | Killed a merfolk
   248 | D        | Entered arena 6.
   248 | D        | Noticed a jumping spider
   248 | D        | Noticed a jumping spider
   248 | D        | Noticed a jumping spider
   248 | D        | Found a transporter.
   251 | D        | Killed a jumping spider
   251 | D        | Reached **** piety under Makhleb
   252 | D        | Killed a jumping spider
   252 | D        | Reached skill level 10 in Armour
   252 | D        | Reached skill level 10 in Shields
   252 | D        | Killed a jumping spider
   379 | D        | Entered arena 7.
   380 | D        | Found a transporter.
   382 | D        | Reached ***** piety under Makhleb
   385 | D        | Reached skill level 11 in Fighting
   385 | D        | Reached skill level 10 in Axes
   395 | D        | Got Kitow's Guide on the Spatial Arsonist
   399 | D        | Entered arena 8.
   399 | D        | Noticed an orange demon
   399 | D        | Noticed Jaucsive the pandemonium lord
   400 | D        | Found a transporter.
   403 | D        | Noticed a soul eater
   405 | D        | Noticed an orange demon
   408 | D        | Reached ****** piety under Makhleb
   427 | D        | Killed Jaucsive the pandemonium lord
   427 | D        | Reached skill level 13 in Fighting
   427 | D        | Gained mutation: You have very sharp fingernails. [demonic
                  | ancestry]
   427 | D        | Reached XP level 10. HP: 6/93 MP: 10/10
   427 | D        | Gained mutation: You are mostly covered in yellow scales.
                  | (AC +3) [demonic ancestry]
   427 | D        | Reached XP level 11. HP: 7/99 MP: 11/11
   437 | D        | Got the ring of Generosity {-Tele Str+3 Slay+4 Stlth+}
   610 | D        | Entered arena 9.
   611 | D        | Found the +8 demon trident "Rift" {distort, reach+}
   611 | D        | Found a transporter.
   633 | D        | Entered arena 10.
   634 | D        | Found a transporter.
   649 | D        | Got Qezeig's Reference Book on Hurtful Good Luck
   783 | D        | Entered arena 11.
   784 | D        | Found a transporter.
   791 | D        | Reached skill level 14 in Fighting
   804 | D        | Got the ring "Guop" {rPois rF+ Str+2}
   812 | D        | Got the +2 pair of gloves of Divine Compulsion {rN+ MR+
                  | Int+3 Dex-3}
   820 | D        | Entered arena 12.
   820 | D        | Noticed a swamp dragon
   820 | D        | Noticed an eight-headed hydra
   820 | D        | Noticed a swamp dragon
   821 | D        | Noticed a fire dragon
   821 | D        | Noticed a swamp dragon
   821 | D        | Noticed a fire dragon
   821 | D        | Noticed a swamp dragon
   826 | D        | Killed a ten-headed hydra
   826 | D        | Reached skill level 1 in Invocations
   827 | D        | Found a transporter.
   829 | D        | Killed a swamp dragon
   831 | D        | Killed a swamp dragon
   831 | D        | Killed a swamp dragon
   831 | D        | Reached XP level 12. HP: 105/108 MP: 11/14
   833 | D        | Killed a fire dragon
   834 | D        | Killed a fire dragon
   867 | D        | Entered arena 13.
   868 | D        | Noticed an orc warlord
   869 | D        | Found a transporter.
   877 | D        | Reached skill level 10 in Dodging
   879 | D        | Killed an orc warlord
   879 | D        | Reached skill level 15 in Fighting
   879 | D        | Reached skill level 15 in Shields
   879 | D        | Reached skill level 5 in Invocations
   888 | D        | Got the amulet of Cheibriados's Approval {Fragile rC+++
                  | Regen+ Dex+4}
   890 | D        | Got the amulet "Seih" {Gourm rElec rF+}
   911 | D        | Entered arena 14.
   912 | D        | Noticed a naga warrior
   914 | D        | Found a transporter.
   920 | D        | Killed a naga warrior
   931 | D        | Got the ring "Neiru" {rF+ rN++ Int-4 Slay+2 SInv}
   949 | D        | Entered arena 15.
   952 | D        | Found a transporter.
   971 | D        | Got the cursed ring "Hakhomn" {AC-2 Int+6}
   988 | D        | Got the Reference Book on Floating Augmentations
   993 | D        | Entered arena 16.
   994 | D        | Noticed an ancient lich
   995 | D        | Found the +2 Maxwell's thermic engine {flame, freeze}
   995 | D        | Identified the +6 hunting sling "Impbane" {venom, rC+}
   995 | D        | Noticed a lich
   996 | D        | Found a transporter.
  1006 | D        | Killed an ancient lich
  1006 | D        | Reached skill level 16 in Fighting
  1006 | D        | Reached skill level 15 in Axes
  1006 | D        | Reached skill level 15 in Armour
  1006 | D        | Reached XP level 13. HP: 119/119 MP: 17/19
  1007 | D        | Killed a lich
  1040 | D        | Entered arena 17.
  1045 | D        | Found a transporter.
  1062 | D        | Got the Tome of Self-Improvement and Evil Arts
  1076 | D        | Entered arena 18.
  1080 | D        | Identified the cursed +2 glaive of World's End {venom,
                  | Str+4}
  1084 | D        | Found a transporter.
  1095 | D        | Reached skill level 17 in Fighting
  1105 | D        | Got the ring "Itar" {rElec MP-9 EV+3 Str+2}
  1129 | D        | Entered arena 19.
  1132 | D        | Noticed a thorn hunter
  1132 | D        | Noticed a thorn hunter
  1133 | D        | Identified the +1 scimitar of Indomitability {protect,
                  | +Blink Str-4 Int+8}
  1133 | D        | Identified the +9 trident "Hageif" {freeze, rF- rC+++ Str+4
                  | Dex+7}
  1140 | D        | Reached skill level 10 in Invocations
  1147 | D        | Killed a thorn hunter
  1158 | D        | Killed a thorn hunter
  1158 | D        | Gained mutation: You have claws for hands. [demonic
                  | ancestry]
  1158 | D        | Reached XP level 14. HP: 128/129 MP: 20/22
  1161 | D        | Found a transporter.
  1175 | D        | Got the Almanac of Freezing Bewitchment
  1177 | D        | Got the Incunabulum of Aerial Battle Magic
  1184 | D        | Got the amulet "Wuwiarphemp" {Acrobat rC+ Int+2 Stlth+}
  1187 | D        | Got Sif Muna's Papyrus of the Destructive Oath
  1196 | D        | Entered arena 20.
  1201 | D        | Noticed an orc warlord
  1201 | D        | Noticed an orc warlord
  1201 | D        | Noticed an orc warlord
  1202 | D        | Noticed a stone giant
  1202 | D        | Identified the ring "Acrawk" {rElec rF+ MP+9}
  1203 | D        | Found a transporter.
  1211 | D        | Reached skill level 18 in Fighting
  1215 | D        | Killed an orc warlord
  1220 | D        | Killed an orc warlord
  1225 | D        | Killed a stone giant
  1227 | D        | Killed an orc warlord
  1239 | D        | Got the ring "Welysic" {+Inv MP+9 Int+3 Slay-3 Stlth-}
  1243 | D        | Got Ruluryru's Incunabulum of Summoning and Earth
  1275 | D        | Entered arena 21.
  1279 | D        | Noticed a black draconian scorcher
  1279 | D        | Noticed a green draconian stormcaller
  1279 | D        | Noticed a black draconian shifter
  1279 | D        | Noticed a yellow draconian shifter
  1280 | D        | Noticed a green draconian monk
  1280 | D        | Identified the ring "Tuaj" {rElec rC+ Int+2}
  1280 | D        | Noticed a red draconian annihilator
  1280 | D        | Noticed a green draconian stormcaller
  1280 | D        | Noticed a yellow draconian knight
  1280 | D        | Noticed a white draconian stormcaller
  1283 | D        | Found a transporter.
  1287 | D        | Killed a green draconian stormcaller
  1288 | D        | Killed a black draconian shifter
  1288 | D        | Killed a red draconian annihilator
  1289 | D        | Killed a green draconian stormcaller
  1289 | D        | Killed a white draconian stormcaller
  1289 | D        | Reached skill level 19 in Fighting
  1292 | D        | Killed a black draconian scorcher
  1298 | D        | Killed a green draconian monk
  1298 | D        | Reached skill level 20 in Fighting
  1309 | D        | Killed a yellow draconian knight
  1312 | D        | Gained mutation: When hurt, damage is shared between your
                  | health and your magic reserves. [demonic ancestry]
  1312 | D        | Reached XP level 15. HP: 96/143 MP: 23/23
  1318 | D        | Reached skill level 21 in Fighting
  1325 | D        | Reached skill level 15 in Dodging
  1343 | D        | Got the amulet "Dayrgh" {Inacc +Blink rPois rN++ MR-}
  1462 | D        | Entered arena 22.
  1470 | D        | Noticed a daeva
  1472 | D        | Noticed a tentacled starspawn
  1472 | D        | Noticed an ancient lich
  1472 | D        | Noticed a tentacled starspawn
  1475 | D        | Noticed a bone dragon
  1488 | D        | Killed a tentacled starspawn
  1491 | D        | Killed a tentacled starspawn
  1492 | D        | Killed a daeva
  1496 | D        | Reached skill level 22 in Fighting
  1504 | D        | Killed an ancient lich
  1515 | D        | Killed a bone dragon
  1518 | D        | Found a transporter.
  1840 | D        | Got the Collected Works on Gliding Calling
  1846 | D        | Got the Catalogue of Envenoming
  1848 | D        | Got the ring "Pusa" {rF+ Str+5 Slay+3 Stlth+}
  1856 | D        | Got the Guide on Companions
  1871 | D        | Entered arena 23.
  1879 | D        | Noticed a golden dragon
  1879 | D        | Noticed a quicksilver dragon
  1879 | D        | Noticed a shadow dragon
  1880 | D        | Found the +2 shield of Resistance {rF+ rC+ MR+}
  1880 | D        | Found the +3 warlock's mirror {reflect}
  1880 | D        | Noticed a shadow dragon
  1880 | D        | Noticed a quicksilver dragon
  1880 | D        | Noticed a golden dragon
  1880 | D        | Noticed a shadow dragon
  1880 | D        | Noticed a quicksilver dragon
  1880 | D        | Noticed an iron dragon
  1882 | D        | Found the +5 pair of quick blades "Gyre" and "Gimble"
                  | {pierce, Dex-3}
  1882 | D        | Found a transporter.
  1891 | D        | Killed a quicksilver dragon
  1892 | D        | Killed a quicksilver dragon
  1894 | D        | Killed a shadow dragon
  1895 | D        | Killed a golden dragon
  1895 | D        | Reached skill level 23 in Fighting
  1898 | D        | Killed a shadow dragon
  1899 | D        | Killed a golden dragon
  1899 | D        | Reached XP level 16. HP: 157/157 MP: 7/24
  1903 | D        | Noticed a quicksilver dragon
  1903 | D        | a shadow dragon changed into a quicksilver dragon
  1910 | D        | Killed a quicksilver dragon
  1914 | D        | Killed a quicksilver dragon
  1945 | D        | Got the ring "Uvvunix" {rF+ rN+ MR+ MP+9 Str+2}
  1988 | D        | Got Jabited's Disquisition on Malediction and Stolen Souls
  1992 | D        | Got the Almanac of the Frostbite
  2006 | D        | Got Maxomage's Disquisition on Venom and Transformation
  2026 | D        | Entered arena 24.
  2032 | D        | Noticed an ancient lich
  2032 | D        | Noticed a shadow dragon
  2032 | D        | Noticed a shadow dragon
  2032 | D        | Noticed a shadow dragon
  2033 | D        | Noticed a shadow dragon
  2033 | D        | Noticed an ancient lich
  2033 | D        | Identified the +8 hunting sling of Beyond {venom, +Fly}
  2033 | D        | Noticed a lich
  2033 | D        | Noticed an ancient lich
  2033 | D        | Noticed a shadow dragon
  2033 | D        | Noticed a lich
  2033 | D        | Noticed a titan
  2033 | D        | Noticed an ancient lich
  2045 | D        | Killed an ancient lich
  2045 | D        | Reached skill level 24 in Fighting
  2047 | D        | Noticed an Executioner
  2048 | D        | Noticed a Brimstone Fiend
  2049 | D        | Noticed a Brimstone Fiend
  2050 | D        | Killed a lich
  2051 | D        | Killed a shadow dragon
  2052 | D        | Killed a shadow dragon
  2054 | D        | Killed an ancient lich
  2054 | D        | Killed an ancient lich
  2054 | D        | Reached skill level 25 in Fighting
  2055 | D        | Killed a lich
  2056 | D        | Killed a titan
  2058 | D        | Killed an ancient lich
  2059 | D        | Killed a shadow dragon
  2059 | D        | Killed a shadow dragon
  2059 | D        | Gained mutation: You are immune to freezing clouds.
                  | [demonic ancestry]
  2059 | D        | Reached XP level 17. HP: 170/170 MP: 3/25
  2067 | D        | Found a transporter.
  2087 | D        | Got the cursed +0 helmet of Bad Feelings {MR+}
  2181 | D        | Learned a level 2 spell: Song of Slaying
  2181 | D        | Entered arena 25.
  2190 | D        | Found the +0 mask of the Dragon {MR+ Slay+3 SInv}
  2191 | D        | Found the amulet of the Four Winds {rN+ MR+++ Clar}
  2194 | D        | Reached skill level 1 in Spellcasting
  2194 | D        | Reached skill level 1 in Charms
  2198 | D        | Reached skill level 5 in Charms
  2202 | D        | Reached skill level 5 in Spellcasting
  2209 | D        | Reached skill level 10 in Charms
  2216 | D        | Found a transporter.
  2266 | D        | Got the ring "Meaqel" {rCorr rF+}
  2361 | D        | Entered arena 26.
  2371 | D        | Identified the ring of the Priest {+Inv rF+}
  2371 | D        | Identified the +3 demon trident of the Well-Known Wonders
                  | {elec, +Blink rElec MR++}
  2371 | D        | Noticed an orb of fire
  2372 | D        | Identified the +6 halberd of Ynwifur {chop, +Blink Int+2
                  | Dex+6}
  2372 | D        | Noticed an orb of fire
  2372 | D        | Noticed an orb of fire
  2379 | D        | Reached skill level 10 in Spellcasting
  2384 | D        | HP: 7/171 [balrug/divine providence (10)]
  2384 | D        | Killed from afar by a fire giant

Levels and vault maps discovered:
D:        sprint_v [room_start, room_1, room_2, room_3, room_4, room_5, room_6,
          room_7, room_8, room_9, room_10, room_11, room_12, room_13, room_14,
          room_15, room_16, room_17, room_18, room_19, room_20, room_21,
          room_22, room_23, room_24, room_25, room_26, room_27]

Skill      XL: |  1  2  3  4  5  6  7  8  9 10 11 12 13 14 15 16 17 |
---------------+----------------------------------------------------+-----
Fighting       | 4 6 9 10 13 14 16 17 20 23 25 | 25.7
Axes           | 3 5 8 9 12 13 15 16 18 20 22 | 22.9
Armour         | 4 5 8 9 12 13 15 16 17 18 20 | 20.1
Dodging        | 1 3 5 6 9 11 12 14 17 20 | 20.7
Shields        | 4 5 8 9 12 14 17 19 20 21 22 | 22.2
Invocations    | 3 8 11 | 11.4
Spellcasting   | 10 | 10.3
Charms         | 13 | 13.9

Action                   |  1- 3 |  4- 6 |  7- 9 | 10-12 | 13-15 | 16-18 || total
-------------------------+-------+-------+-------+-------+-------+-------++-------
Melee: Broad axe         |     7 |     4 |    46 |    79 |   177 |    84 ||   397
 Cast: Song of Slaying   |       |       |       |       |       |     1 ||     1
Invok: Greater Servant o |       |       |       |       |     1 |       ||     1
  Use: Potion            |     1 |       |     1 |     5 |    13 |     6 ||    26
       Scroll            |       |       |       |       |       |     1 ||     1
 Stab: Distracted        |       |       |     4 |       |     3 |     3 ||    10
       Invisible         |       |       |       |       |    29 |       ||    29
       Petrifying        |       |       |       |       |       |     1 ||     1
  Eat: Chunk             |       |       |       |       |     3 |     2 ||     5
Armor: Gold dragon scale |     3 |       |    34 |    37 |   110 |    95 ||   279
Dodge: Dodged            |       |       |     5 |    11 |    52 |   244 ||   312
Block: Shield            |    15 |     2 |   118 |   137 |   338 |    24 ||   634
       Buckler           |       |       |       |       |       |   168 ||   168
       Reflection        |       |       |       |       |       |    12 ||    12

Table legend:
 A = Non-vault XP
 B = Vault XP
 C = Vault XP percentage of total XP
 D = Non-vault monster count
 E = Vault monster count
 F = Vault count percentage of total count
                 A         B        C        D         E       F
            +---------+---------+-------+---------+---------+-------
      Total |    1050 |  250839 |  99.6 |       4 |     363 |  98.9
            +---------+---------+-------+---------+---------+-------
          D |    1050 |  250839 |  99.6 |       4 |     363 |  98.9
            +---------+---------+-------+---------+---------+-------
